 Dungeon Crawl Stone Soup version 0.23.2-1-ga50397a6bc (webtiles) character file.

Game seed: 11914127136142171650

93 Menchi the Shield-Bearer (level 4, -4/41 HPs)
             Began as a Gnoll Fighter on May 6, 2019.
             Slain by Crazy Yiuf
             ... wielding a +3 quarterstaff of chaos
              (8 damage)
             ... on level 2 of the Dungeon.
             The game lasted 00:01:24 (1481 turns).

Menchi the Shield-Bearer (Gnoll Fighter)            Turns: 1481, Time: 00:01:25

Health: -4/41      AC: 10    Str: 19    XL:     4   Next: 62%
Magic:  5/5        EV: 10    Int: 10    God:
Gold:   148        SH:  0    Dex: 15    Spells: 5/5 levels left

rFire    . . .     SeeInvis .   a - +0 long sword
rCold    . . .     Gourm    .   (no shield)
rNeg     . . .     Faith    +   b - +0 scale mail
rPois    .         Spirit   .   (no helmet)
rElec    .         Reflect  .   (no cloak)
rCorr    .         Harm     .   (no gloves)
MR       .....                  l - +2 pair of boots
Stlth    ..........             h - amulet of faith
HPRegen  0.13/turn              (no ring)
MPRegen  0.09/turn              (no ring)

@: slowed, lightly drained, very slow
A: distributed training, fangs 1, strong nose
a: no special abilities


You were on level 2 of the Dungeon.
You were hungry.

You visited 1 branch of the dungeon, and saw 2 of its levels.

You collected 148 gold pieces.

Inventory:

Hand Weapons
 a - a +0 long sword (weapon)
Armour
 b - a +0 scale mail (worn)
 l - a +2 pair of boots (worn)
Jewellery
 h - an amulet of faith (around neck)
Scrolls
 i - 2 scrolls of amnesia {unknown}
 j - a scroll of identify {unknown}
 m - a scroll of immolation {unknown}
Potions
 c - 2 potions of haste {unknown}
 d - 3 potions of might
 e - a potion of cancellation {unknown}
 g - a potion of resistance {unknown}
 k - 5 potions of curing {unknown}
Comestibles
 f - 5 rations


   Skills:
 + Level 6.6(6.2) Fighting
 + Level 1.2(0.8) Short Blades
 + Level 4.6(4.3) Long Blades
 + Level 1.2(0.8) Axes
 + Level 1.2(0.8) Maces & Flails
 + Level 1.2(0.8) Polearms
 + Level 1.2(0.8) Staves
 + Level 1.2(0.8) Slings
 + Level 1.2(0.8) Bows
 + Level 1.2(0.8) Crossbows
 + Level 1.2(0.8) Throwing
 + Level 6.6(6.2) Armour
 + Level 1.2(0.8) Dodging
 + Level 1.2(0.8) Stealth
 + Level 6.6(6.2) Shields
 + Level 1.2(0.8) Unarmed Combat
 + Level 1.2(0.8) Spellcasting
 + Level 1.0(0.7) Conjurations
 + Level 1.0(0.7) Hexes
 + Level 1.0(0.7) Charms
 + Level 1.0(0.7) Summonings
 + Level 1.0(0.7) Necromancy
 + Level 1.0(0.7) Translocations
 + Level 1.0(0.7) Transmutations
 + Level 1.0(0.7) Fire Magic
 + Level 1.0(0.7) Ice Magic
 + Level 1.0(0.7) Air Magic
 + Level 1.0(0.7) Earth Magic
 + Level 1.0(0.7) Poison Magic
 + Level 1.3(1.0) Invocations
 + Level 1.2(0.8) Evocations


You had 5 spell levels left.
You didn't know any spells.
Your spell library was empty.

Dungeon Overview and Level Annotations

Branches:
Dungeon (2/15)

Altars:
Hepliaklqana
Ru
Zin

Annotations:
D:2 Crazy Yiuf


Innate Abilities, Weirdness & Mutations

Your experience applies equally to all skills.
You have very sharp teeth.
Your uncanny sense of smell can sniff out nearby items.


Message History

You closely miss Crazy Yiuf.
Crazy Yiuf is moderately wounded.
Crazy Yiuf hits you but does no damage. Crazy Yiuf barely misses you.
You hit Crazy Yiuf.
Crazy Yiuf is heavily wounded.
Crazy Yiuf hits you but does no damage.
You suddenly lose the ability to move!
Crazy Yiuf hits you but does no damage.
You feel yourself slow down.
Crazy Yiuf hits you with a +3 quarterstaff of chaos!
* * * LOW HITPOINT WARNING * * *
Crazy Yiuf burns you.
* * * LOW HITPOINT WARNING * * *
Crazy Yiuf hits you with a +3 quarterstaff of chaos.
* * * LOW HITPOINT WARNING * * *
Crazy Yiuf barely misses you. Crazy Yiuf hits you but does no damage.
You can move again.
You barely miss Crazy Yiuf.
Crazy Yiuf is heavily wounded.
Crazy Yiuf hits you with a +3 quarterstaff of chaos!
You die...

..# #...# #.####..#..#. ).#
#...# #.#####.##... ..#
#...# #.......###.# ..#
##### #######......
..######## #.###.#
.........# ♣♣♣♣♣####.##..#
.........# ###
♣♣♣.♣)...##.##.## .........#
#...#♣).♣......#.##.##
..########
#...g@♣♣♣♣............ ..#
#)).#♣♣ ♣♣.....###.## ..#
### ♣♣###.# #.# ..# ##.###.#
..# #......# ..# ###
######## ##.##### ..# #.#
#.##.#.#####.#
.#########.####.##.#.......#
...................#.#######


You could see Crazy Yiuf.

Vanquished Creatures
  6 adders (D:2)
  A worm (D:2)
  A leopard gecko (D:2)
  4 hobgoblins
  4 jackals (D:1)
  A quokka (D:2)
  A ball python (D:1)
  7 bats
  3 frilled lizards (D:2)
  A goblin (D:1)
  8 kobolds
  3 rats (D:2)
40 creatures vanquished.

Notes
Turn   | Place    | Note
-------+----------+-------------------------------------------
     0 | D:1      | Menchi the Gnoll Fighter began the quest for the Orb.
     0 | D:1      | Reached XP level 1. HP: 23/23 MP: 1/1
   112 | D:1      | Reached XP level 2. HP: 20/29 MP: 2/2
   860 | D:2      | Reached XP level 3. HP: 35/35 MP: 3/3
   913 | D:2      | Found a sacrificial altar of Ru.
   914 | D:2      | Found a hazy altar of Hepliaklqana.
   953 | D:2      | Reached skill level 1 in Invocations
  1017 | D:2      | Found a glowing silver altar of Zin.
  1024 | D:2      | Reached skill level 1 in Short Blades
  1024 | D:2      | Reached skill level 1 in Axes
  1024 | D:2      | Reached skill level 1 in Maces & Flails
  1024 | D:2      | Reached skill level 1 in Polearms
  1024 | D:2      | Reached skill level 1 in Staves
  1024 | D:2      | Reached skill level 1 in Slings
  1024 | D:2      | Reached skill level 1 in Bows
  1024 | D:2      | Reached skill level 1 in Crossbows
  1024 | D:2      | Reached skill level 1 in Throwing
  1024 | D:2      | Reached skill level 1 in Dodging
  1024 | D:2      | Reached skill level 1 in Stealth
  1024 | D:2      | Reached skill level 1 in Unarmed Combat
  1024 | D:2      | Reached skill level 1 in Spellcasting
  1024 | D:2      | Reached skill level 1 in Evocations
  1049 | D:2      | Reached XP level 4. HP: 41/41 MP: 5/5
  1352 | D:2      | Reached skill level 1 in Conjurations
  1352 | D:2      | Reached skill level 1 in Hexes
  1352 | D:2      | Reached skill level 1 in Charms
  1352 | D:2      | Reached skill level 1 in Summonings
  1352 | D:2      | Reached skill level 1 in Necromancy
  1352 | D:2      | Reached skill level 1 in Translocations
  1352 | D:2      | Reached skill level 1 in Transmutations
  1352 | D:2      | Reached skill level 1 in Fire Magic
  1352 | D:2      | Reached skill level 1 in Ice Magic
  1352 | D:2      | Reached skill level 1 in Air Magic
  1352 | D:2      | Reached skill level 1 in Earth Magic
  1352 | D:2      | Reached skill level 1 in Poison Magic
  1464 | D:2      | Found a runed translucent door.
  1465 | D:2      | Noticed Crazy Yiuf
  1474 | D:2      | Paralysed by Crazy Yiuf for 7 turns
  1481 | D:2      | Slain by Crazy Yiuf

Skill      XL: |  1  2  3  4 |
---------------+-------------+-----
Invocations    | 1 |  1.3
Short Blades   | 1 |  1.2
Axes           | 1 |  1.2
Maces & Flails | 1 |  1.2
Polearms       | 1 |  1.2
Staves         | 1 |  1.2
Slings         | 1 |  1.2
Bows           | 1 |  1.2
Crossbows      | 1 |  1.2
Throwing       | 1 |  1.2
Dodging        | 1 |  1.2
Stealth        | 1 |  1.2
Unarmed Combat | 1 |  1.2
Spellcasting   | 1 |  1.2
Evocations     | 1 |  1.2
Conjurations   | 1 |  1.0
Hexes          | 1 |  1.0
Charms         | 1 |  1.0
Summonings     | 1 |  1.0
Necromancy     | 1 |  1.0
Translocations | 1 |  1.0
Transmutations | 1 |  1.0
Fire Magic     | 1 |  1.0
Ice Magic      | 1 |  1.0
Air Magic      | 1 |  1.0
Earth Magic    | 1 |  1.0
Poison Magic   | 1 |  1.0
Fighting       | |  6.6
Long Blades    | |  4.6
Armour         | |  6.6
Shields        | |  6.6

Action                   |  1- 3 |  4- 6 || total
-------------------------+-------+-------++-------
Melee: Long sword        |    62 |    35 ||    97
       Bite              |     5 |     6 ||    11
  Eat: Chunk             |       |     1 ||     1
Armor: Scale mail        |    42 |    25 ||    67
Dodge: Dodged            |    54 |    20 ||    74
       Rpst.: Long sword |    27 |     9 ||    36
